 Dungeon Crawl Stone Soup version 0.31.0-12-g77e489cdc1 (webtiles) character file.

Game seed: 5061787481440777078

160478 kwasso the Geomancer (level 17, -10/85 HPs)
             Began as an Octopode Earth Elementalist on Feb 13, 2024.
             Was the Champion of Hepliaklqana.
             Engulfed by a program bug's thunder (28 damage)
             ... on level 4 of the Shoals on Feb 15, 2024.
             The game lasted 02:44:02 (36728 turns).

kwasso the Geomancer (Octopode Earth Elementalist) Turns: 36728, Time: 02:44:03

Health: -10/85     AC: 19    Str:  9    XL:     17   Next: 76%
Magic:  26/34      EV: 21    Int: 29    God:    Hepliaklqana [******]
Gold:   894        SH: 12    Dex: 13    Spells: 9/42 levels left

rFire   + . .        K - staff of conjuration
rCold   + + +        m - +1 kite shield {reflect}
rNeg    . . .        l - +2 hat {Will+}
rPois   +            v - amulet of regeneration
rElec   .            q - +6 ring of intelligence
rCorr   .            x - ring of Nicrodi {rF+ rC+ Will+ Slay+2}
SInv    .            M - ring of poison resistance
Will    +++..        F - ring of Gefa {*Corrode rC++ EV+5}
Stlth   +++          R - +4 ring of protection
HPRegen 1.14/turn    U - ring of wizardry
MPRegen 0.24/turn    y - +4 ring of protection
                     h - +4 ring of protection

%: corrode self (3%), reflection, wizardry (x1)
@: brilliant, maw-form, afraid, hasted, very quick
A: devouring maw, reduced hp, reduced essence, almost no armour, amphibious, 8
rings, camouflage 1, gelatinous body 1, (nimble swimmer 1), tentacles,
iridescent scales 2
a: Begin Untransformation, Renounce Religion, Recall Ancestor, Ancestor
Identity, Transference, Idealise


You were on level 4 of the Shoals.
You worshipped Hepliaklqana.
Hepliaklqana was exalted by your worship.
You were a creature with a mouth for a stomach.
You visited 4 branches of the dungeon, and saw 26 of its levels.
You also visited: Sewer.

You collected 2587 gold pieces.
You spent 1693 gold pieces at shops.

Inventory:

Hand Weapons
 B - a +2 short sword of venom
Missiles
 g - 15 silver javelins
 s - 6 throwing nets
 u - 6 darts of dispersal
 z - 2 atropa-tipped darts
 D - 41 boomerangs
 V - 6 curare-tipped darts
Armour
 l - a +2 hat of willpower (worn)
 m - a +1 kite shield of reflection (worn)
Magical Staves
 K - a staff of conjuration (weapon)
Jewellery
 h - a +4 ring of protection (on tentacle)
 k - a ring of positive energy
 q - a +6 ring of intelligence (left tentacle)
 v - an amulet of regeneration (around mantle)
 x - the ring of Nicrodi (right tentacle) {rF+ rC+ Will+ Slay+2}
   (You found it on level 1 of the Lair of Beasts)

   [ring of protection from fire]

   Slay+2:    It affects your accuracy & damage with ranged weapons and melee
   (+2).
   rF+:       It protects you from fire.
   rC+:       It protects you from cold.
   Will+:     It increases your willpower.
 y - a +4 ring of protection (on tentacle)
 F - the ring of Gefa (on tentacle) {*Corrode rC++ EV+5}
   (You found it on level 8 of the Dungeon)

   [ring of evasion]

   EV+5:      It affects your evasion (+5).
   rC++:      It greatly protects you from cold.
   *Corrode:  It may corrode you when you take damage.
 M - a ring of poison resistance (on tentacle)
 R - a +4 ring of protection (on tentacle)
 U - a ring of wizardry (on tentacle)
 W - a ring of protection from fire
 Y - a ring of flight
Talismans
 E - a maw talisman (active)
Wands
 f - a wand of mindburst (6)
 n - a wand of charming (5)
 t - a wand of iceblast (16)
 I - a wand of flame (28)
 Q - a wand of polymorph (24)
 X - a wand of digging (8)
Scrolls
 b - 5 scrolls of blinking
 c - 6 scrolls of revelation
 d - a scroll of fear
 e - 8 scrolls of teleportation
 i - a scroll of butterflies
 p - 9 scrolls of poison
 r - 3 scrolls of silence
 w - 2 scrolls of amnesia
Potions
 a - 5 potions of brilliance
 o - 3 potions of curing
 A - a potion of might
 C - 4 potions of cancellation
 T - a potion of ambrosia
 Z - 4 potions of haste
Miscellaneous
 H - a lightning rod (4/4)
 N - a sack of spiders (inert)
 O - a phantom mirror (inert)
 P - a phial of floods (inert)


   Skills:
 - Level 3.0 Fighting
 - Level 2.0 Short Blades
 - Level 0.6(0.7) Maces & Flails
 - Level 0.3(0.5) Staves
 - Level 0.3 Throwing
 * Level 10.9 Dodging
 - Level 3.1 Stealth
 * Level 10.1 Shields
 + Level 13.2 Spellcasting
 + Level 10.7 Conjurations
 * Level 0.6 Hexes
 * Level 3.5 Summonings
 + Level 13.4 Earth Magic
 * Level 12.0 Invocations
 * Level 10.3 Evocations
 * Level 9.7 Shapeshifting


You had 9 spell levels left.
You knew the following spells:

 Your Spells              Type           Power      Damage    Failure   Level
a - Sandblast             Erth           100%       2d20      1%          1
b - Stone Arrow           Conj/Erth      100%       3d13      1%          3
c - Brom's Barrelling Bo  Conj/Erth      100%       2d11      1%          4
d - Blink                 Tloc           56%        N/A       5%          2
e - Mephitic Cloud        Conj/Alch/Air  74%        N/A       2%          3
f - Passwall              Erth           98%        N/A       1%          3
g - Swiftness             Air            28%        N/A       11%         3
h - Dragon's Call         Summ           28%        N/A       100%        9
i - Summon Mana Viper     Hex/Summ       47%        N/A       34%         5

Your spell library contained the following spells:

 Spells                   Type           Power      Damage    Failure   Level
 Shock                    Conj/Air       100%       1d9       1%          1
 Momentum Strike          Conj/Tloc      100%       3d10      1%          2
 Dazzling Flash           Conj/Hex       100%       N/A       1%          3
 Petrify                  Alch/Erth      72%        N/A       2%          4
 Apportation              Tloc           56%        N/A       3%          1
 Jinxbite                 Hex            68%        N/A       4%          2
 Lesser Beckoning         Tloc           56%        N/A       5%          2
 Sublimation of Blood     Necr           28%        N/A       5%          2
 Gell's Gravitas          Tloc           28%        N/A       11%         3
 Teleport Other           Tloc           28%        N/A       11%         3
 Fireball                 Conj/Fire      42%        3d17      11%         5
 Irradiate                Conj/Alch      42%        3d25      11%         5
 Cause Fear               Hex            17%        N/A       26%         4
 Airstrike                Air            14%        2d(2-18)  32%         4
 Summon Forest            Summ/Tloc      22%        N/A       38%         5
 Silence                  Hex/Air        15%        N/A       58%         5
 Alistair's Intoxication  Alch           18%        N/A       65%         5
 Curse of Agony           Necr           28%        N/A       65%         5
 Summon Cactus Giant      Summ           28%        N/A       71%         6
 Dispersal                Tloc           14%        N/A       99%         6


Dungeon Overview and Level Annotations

Branches:
Dungeon (15/15)            Temple (0/1) D:5            Lair (5/5) D:8
 Shoals (4/4) Lair:3       Spider (0/4) Lair:3        Slime (0/5) Lair:4
    Orc (2/2) D:9             Elf (0/3) Orc:2        Vaults (0/5) D:14
 Depths (0/4) D:15          Sewer (visited)

Altars:
Ashenzari
Elyvilon
Fedhas
Gozag
Hepliaklqana
Makhleb
Trog
Yredelemnul

Shops:
D:1 *??   D:2 =   D:7 [   D:12 *   D:13 [   Orc:2 ([*=   Shoals:2 =

Annotations:
D:10 exclusion: oklob plant
Shoals:3 3 runed translucent doors, 7tar4e's ghost, journeyman VSFi; Nilihum's ghost, journeyman DECj; Tang's ghost, adept TeAE
Shoals:4 Bai Suzhen


Innate Abilities, Weirdness & Mutations

You are a creature with a mouth for a stomach.
Your midsection houses a second, enormous mouth.
Your maximum health is decreased, since you lack skill for your form.
Your life essence is reduced to manifest your ancestor. (-10% HP)
You cannot wear most types of armour.
You are amphibious.
You can wear up to eight rings at the same time.
Your skin changes colour to match your surroundings (Stealth+).
Your rubbery body absorbs attacks. (AC +1, EV +1)
((You are camouflaged when in or above water. (Stealth+)))
You have tentacles for arms and can constrict up to eight enemies at once.
You are mostly covered in iridescent scales. (AC +4)


Message History

The water elemental engulfs your faun in water!
Your faun is no longer engulfed.
Your satyr hits the water elemental with a +0 spear!
What are your orders? t - Shout twice!
Orders for allies: a - Attack new target. p - Attack previous target. r - Retreat! s - Stop attacking. g - Guard the area. f - Follow me.
Anything else - Cancel.
Gang up on whom?
Press: ? - help, Dir - move target, f - Bai Suzhen, p - satyr
Aim: Bai Suzhen (heavily wounded, surrounded by thunder, not watching you) Attack!
You are engulfed in a thunderstorm.
* * * LOW HITPOINT WARNING * * *
The satyr plays a rousing melody on its pipes!
The satyr goes into a battle-frenzy!
Bai Suzhen breathes water at Bai Suzhen.
The torrent of water hits Bai Suzhen!!
The wave splashes down.
You hear a screech!
You hear a shout! x4; You hear an angry hiss.
Something shouts, "Attack, my pets!
Attack!"
You hear a shout!
You hear a bellow! x2; You hear an angry hiss.
You hear a shout! x2
Unknown command.
Unknown command.
Unknown command.
Unknown command.
Unknown command.
Unknown command.
Aiming: Bolt of Light
Press: ? - help, Shift-Dir - straight line, f/p - Bai Suzhen
Aim: Bai Suzhen (thunder, severely wounded, surrounded by thunder, not watching you, ally target, 95% to hit)
The bolt of light hits Bai Suzhen!!
Bai Suzhen is almost dead.
Bai Suzhen is blinded.
The bolt of light hits Bai Suzhen!!
Bai Suzhen is severely wounded.
Bai Suzhen is blinded.
The now-empty wand crumbles to dust.
Bai Suzhen shimmers and vanishes!
You are engulfed in a thunderstorm.
You die...

≈# ..##~~.....#.##
#########†.8### ##
##.#....#....#
#~~##..#.(..)#.R.....
#.~#...§§...c.#~..#....
#.~...§§§~§t...........
.##..#D#§D§D§#8..#....
#. #~##§§§##..~#.d..
#W###+###~..# #.
#cE....~#...# #.......#
#...c...# ###.#kc#.
##.... ..c ..


You could see Bai Suzhen (clouds, blind, unable to see you, ally target), 2
satyrs, a wind drake (repels missiles), a water elemental, a friendly satyr
(charmed) and a friendly faun (charmed).

Vanquished Creatures
  Nikola (Shoals:2)
  Mlioglotl (Shoals:1)
  Donald (Shoals:1)
  Kirke (Lair:4)
  A frost giant (D:14)
  An orc warlord (Orc:2)
  2 dire elephants (Lair:5)
  Josephine (Orc:2)
  2 merfolk impalers
  6 hydras
  A vault guard (D:14)
  An ogre mage (D:15)
  A centaur warrior (D:13)
  2 merfolk avatars (Shoals:3)
  2 catoblepae
  An alligator snapping turtle (Shoals:4)
  2 dancing weapons
  A merfolk aquamancer (Shoals:4)
  6 two-headed ogres
  A satyr (Shoals:2)
  7 boulder beetles
  4 orc high priests
  5 death yaks (Lair:5)
  A sun demon (Shoals:3)
  An occultist (D:15)
  The ghost of Yehuk the Basher, a novice MiBe of Trog (D:8)
  6 skysharks
  5 sea snakes
  An obsidian statue (Lair:5)
  A flayed ghost (D:14)
  A spectral anaconda (Lair:5)
  2 sun moths (Shoals:3)
  3 orc knights
  2 lindwurms (Lair:1)
  4 necromancers
  7 deep elf pyromancers
  6 deep elf zephyrmancers
  2 oklob plants
  13 ugly things
  3 orc sorcerers (Orc:2)
  4 cyclopes
  8 manticores
  5 fauns
  2 meliai
  4 elephants (Lair:5)
  3 merfolk sirens
  Joseph (D:7)
  A smoke demon (D:12)
  2 black mambas
  A gargoyle (D:13)
  Jeremiah (Lair:1)
  3 komodo dragons
  7 cane toads
  A kobold demonologist (D:9)
  2 centaur skeletons (D:15)
  A red devil (D:12)
  A yaktaur (D:15)
  Psyche (D:8)
  Grinder (Sewer)
  12 merfolk
  A hornet (D:8)
  6 trolls
  3 polar bears
  A hellwing (D:12)
  A wind drake (Shoals:1)
  A hornet (shapeshifter) (D:12)
  A snapping turtle (Shoals:2)
  11 blink frogs
  6 dream sheep
  6 slime creatures
  A centaur simulacrum (D:15)
  A shadow (D:9)
  4 water elementals
  3 wraiths
  5 basilisks
  2 wyverns
  27 yaks
  3 hogs (Lair:4)
  A warg (Orc:1)
  3 redbacks
  5 vampire mosquitoes
  11 water moccasins
  16 orc warriors
  2 sky beasts
  An elephant zombie (Lair:5)
  4 ogres
  2 laughing skulls (D:12)
  11 centaurs
  7 wolves
  4 phantoms
  An elephant skeleton (Lair:5)
  2 kobold brigands
  12 bullfrogs
  A necrophage (Sewer)
  3 scorpions
  2 wights (D:8)
  2 elephant simulacra (Lair:5)
  A troll zombie (D:9)
  3 electric eels
  2 lava snakes (Lair:1)
  3 hounds
  11 orc priests
  A gnoll bouda (D:6)
  3 jellies
  2 iguanas (D:5)
  Natasha (thrice) (D:2)
  18 orc wizards
  5 ogre zombies (D:9)
  3 adders
  7 gnolls
  A shadow imp (D:7)
  3 white imps
  3 ufetubi
  2 adder zombies (Sewer)
  A ribbon worm (D:4)
  A dart slug (D:3)
  35 orcs
  10 ball pythons
  3 bats
  A bat zombie (Sewer)
  11 endoplasms
  8 giant cockroaches
  8 hobgoblins
  2 jackals (D:4)
  27 kobolds
  8 quokkas
  2 frilled lizards
  A gnoll skeleton (D:9)
  2 gnoll zombies (D:9)
  9 goblins
  A kobold zombie (Sewer)
  An orc skeleton (D:9)
  12 orc zombies (D:9)
  10 rats
568 creatures vanquished.

Vanquished Creatures (collateral kills)
  Frances (Shoals:1)
  2 dire elephants (Lair:5)
  A merfolk javelineer (Shoals:3)
  A hydra (D:15)
  A fire dragon (D:15)
  A rakshasa (D:15)
  A merfolk aquamancer (Shoals:3)
  2 catoblepae
  2 boulder beetles
  2 centaur warriors (D:14)
  A two-headed ogre (D:15)
  3 merfolk avatars
  3 death yaks (Lair:5)
  An orc high priest (Orc:2)
  A spectral death yak (Lair:5)
  3 sun demons (Shoals:3)
  3 skysharks
  4 sea snakes
  2 orc knights (Orc:2)
  A harpy (Shoals:4)
  A deep elf pyromancer (Orc:1)
  A necromancer (Lair:5)
  A deep elf zephyrmancer (Orc:1)
  10 ugly things
  2 fauns
  A wolf spider (Lair:3)
  8 manticores
  3 orc sorcerers
  2 cyclopes
  5 meliai
  5 merfolk sirens
  A meliai (shapeshifter) (D:8)
  3 elephants (Lair:5)
  A water nymph (Shoals:1)
  2 black mambas (Lair:4)
  A centaur skeleton (D:15)
  A rime drake (Lair:4)
  8 cane toads
  6 komodo dragons
  3 tengu conjurers
  An unseen horror (D:11)
  2 trolls
  4 merfolk
  3 wind drakes (Shoals:1)
  2 blink frogs
  A dream sheep (Lair:5)
  4 snapping turtles
  A blink frog (shapeshifter) (D:14)
  6 slime creatures
  2 jumping spiders (Lair:1)
  4 shadows
  3 water elementals
  6 wraiths
  A culicivora (Lair:3)
  20 yaks
  5 wyverns
  A basilisk (Lair:3)
  A steam dragon (D:6)
  A redback (Lair:3)
  7 vampire mosquitoes
  2 wargs
  An acid dragon (D:9)
  8 water moccasins
  2 sky beasts
  An ogre (D:5)
  18 orc warriors
  A black bear (D:8)
  4 wolves
  2 centaurs
  A phantom (D:5)
  A kobold brigand (D:11)
  2 bullfrogs (Lair:1)
  A necrophage (Sewer)
  A wyvern zombie (D:8)
  2 wights (D:8)
  3 electric eels
  A lava snake (Lair:1)
  3 orc priests
  12 orc wizards
  A killer bee zombie (D:8)
  3 gnolls
  An adder (D:6)
  A shadow imp (Sewer)
  22 orcs
  2 giant cockroaches (Sewer)
  A gnoll zombie (D:9)
  6 kobolds
  2 goblins (D:9)
  2 orc zombies (D:9)
  2 boulders
285 creatures vanquished.

Vanquished Creatures (others)
  A satyr (Shoals:4)
  An alligator snapping turtle (Shoals:4)
  A wind drake (Shoals:2)
  30 battlemagi
  2 ancestors
  A kobold (Sewer)
  A quokka (D:8)
  3 starspawn tentacles (Shoals:1)
40 creatures vanquished.

Grand Total: 893 creatures vanquished

Notes
Turn   | Place    | Note
-------+----------+-------------------------------------------
     0 | D:1      | kwasso the Octopode Earth Elementalist began the quest for
                  | the Orb.
     0 | D:1      | Reached XP level 1. HP: 11/11 MP: 3/3
   128 | D:1      | Reached XP level 2. HP: 17/17 MP: 1/5
   441 | D:1      | Found Noliz's Magic Scroll Shop.
   556 | D:1      | Found Sicw's Magic Scroll Shoppe.
   604 | D:1      | Reached XP level 3. HP: 12/21 MP: 1/6
   772 | D:1      | Found Oronkyol's Assorted Antiques.
  1199 | D:2      | Found Zosted's Jewellery Boutique.
  1210 | D:2      | Noticed Natasha
  1215 | D:2      | Killed Natasha
  1216 | D:2      | Reached XP level 4. HP: 8/27 MP: 4/8
  1342 | D:2      | Noticed Natasha
  1347 | D:2      | Killed Natasha
  1580 | D:2      | Noticed Natasha
  1584 | D:2      | Killed Natasha
  1585 | D:2      | Reached XP level 5. HP: 27/31 MP: 5/9
  1589 | D:2      | Learned a level 3 spell: Stone Arrow
  1948 | D:3      | Found a hazy altar of Hepliaklqana.
  1977 | D:3      | Became a worshipper of Hepliaklqana the Forgotten
  3094 | D:4      | Reached * piety under Hepliaklqana
  3133 | D:4      | Noticed a sky beast
  3183 | D:4      | Killed a sky beast
  3184 | D:4      | Reached skill level 1 in Invocations
  3184 | D:4      | Reached XP level 6. HP: 4/32 MP: 4/11
  3434 | D:4      | Reached skill level 1 in Shapeshifting
  3837 | D:4      | Found a broken altar of Ashenzari.
  3876 | D:5      | Entered Level 5 of the Dungeon
  3885 | D:5      | Reached skill level 5 in Earth Magic
  3946 | D:5      | Reached XP level 7. HP: 36/36 MP: 6/13
  4081 | D:5      | Found a glowing drain.
  4089 | Sewer    | Entered a sewer
  4257 | Sewer    | Found an ancient bone altar of Kikubaaqudgha.
  4429 | Sewer    | Noticed Grinder
  4434 | Sewer    | Paralysed by Grinder for 3 turns
  4449 | Sewer    | Killed Grinder
  4450 | Sewer    | Reached XP level 8. HP: 41/41 MP: 10/15
  4701 | D:1      | Bought a scroll labelled EFITEXA ERAST for 16 gold pieces
  4701 | D:1      | Bought a scroll labelled ACYNYA LIKLUATS for 16 gold pieces
  4748 | D:1      | Bought a scroll of teleportation for 30 gold pieces
  4748 | D:1      | Bought a scroll of poison for 40 gold pieces
  4788 | D:1      | Bought a scroll of teleportation for 39 gold pieces
  5250 | D:5      | Reached skill level 5 in Spellcasting
  5302 | D:5      | Reached ** piety under Hepliaklqana
  5303 | D:5      | Remembered your ancestor Ammiditana as a battlemage
  5347 | D:5      | Found a staircase to the Ecumenical Temple.
  5814 | D:5      | Learned a level 4 spell: Brom's Barrelling Boulder
  6221 | D:6      | Reached XP level 9. HP: 10/46 MP: 13/17
  6224 | D:6      | Gained mutation: Your spells are a little easier to cast,
                  | but a little less powerful. [potion of mutation]
  6224 | D:6      | Gained mutation: You are frail. (-10% HP) [potion of
                  | mutation]
  6224 | D:6      | Lost mutation: Your spells are a little easier to cast, but
                  | a little less powerful. [potion of mutation]
  6338 | D:6      | Lost mutation: You are frail. (-10% HP) [potion of
                  | mutation]
  6338 | D:6      | Gained mutation: You occasionally shout uncontrollably at
                  | your foes. [potion of mutation]
  6339 | D:6      | Lost mutation: You occasionally shout uncontrollably at
                  | your foes. [potion of mutation]
  6339 | D:6      | Gained mutation: You are partially covered in iridescent
                  | scales. (AC +2) [potion of mutation]
  6339 | D:6      | Gained mutation: You are mostly covered in iridescent
                  | scales. (AC +4) [potion of mutation]
  6719 | D:6      | Reached *** piety under Hepliaklqana
  6876 | D:7      | Found Peqach's Armour Shoppe.
  6928 | D:7      | Found an opulent altar of Gozag.
  6928 | D:7      | Found a burning altar of Makhleb.
  6992 | D:7      | Noticed Joseph
  6999 | D:7      | Killed Joseph
  7039 | D:7      | HP: 2/46 [wyvern (15)]
  7367 | D:7      | Reached skill level 5 in Dodging
  7699 | D:7      | Reached XP level 10. HP: 51/51 MP: 18/20
  7730 | D:8      | Reached skill level 1 in Shields
  7870 | D:8      | Reached skill level 5 in Invocations
  7975 | D:8      | Noticed a cyclops
  7981 | D:8      | Killed a cyclops
  7998 | D:8      | Found a runed translucent gate.
  7998 | D:8      | Found a runed translucent gate.
  7998 | D:8      | Found a runed translucent gate.
  7998 | D:8      | Noticed Yehuk's ghost (novice MiBe)
  8000 | D:8      | Found a basalt altar of Yredelemnul.
  8280 | D:8      | Found a staircase to the Lair.
  8318 | D:8      | Identified the ring of Gefa {*Corrode rC++ EV+5}
  8338 | D:8      | Noticed Psyche
  8345 | D:8      | Reached skill level 1 in Short Blades
  8364 | D:8      | Found a burning altar of Makhleb.
  8366 | D:8      | Found a bloodstained altar of Trog.
  8366 | D:8      | Found a hazy altar of Hepliaklqana.
  8366 | D:8      | Found a broken altar of Ashenzari.
  8370 | D:8      | Reached skill level 5 in Conjurations
  8371 | D:8      | Killed Psyche
  8514 | D:8      | Noticed a cyclops
  8515 | D:8      | Noticed a meliai
  8515 | D:8      | Noticed a two-headed ogre
  8515 | D:8      | Noticed a deep elf pyromancer
  8528 | D:8      | Noticed a meliai
  8528 | D:8      | Noticed a deep elf pyromancer
  8536 | D:8      | Killed a cyclops
  8537 | D:8      | Killed a meliai
  8538 | D:8      | Reached skill level 1 in Fighting
  8543 | D:8      | Killed a meliai
  8544 | D:8      | Reached XP level 11. HP: 14/56 MP: 9/22
  8544 | D:8      | Killed a deep elf pyromancer
  8970 | D:8      | Killed a deep elf pyromancer
  9007 | D:8      | Killed a two-headed ogre
  9008 | D:8      | Reached skill level 5 in Shapeshifting
  9059 | D:8      | Found a white marble altar of Elyvilon.
  9498 | D:8      | Killed Yehuk's ghost
  9499 | D:8      | Reached skill level 1 in Evocations
  9885 | D:9      | Reached **** piety under Hepliaklqana
 10196 | D:9      | Found a staircase to the Orcish Mines.
 10961 | D:9      | Learned a level 2 spell: Blink
 10965 | D:9      | Learned a level 3 spell: Mephitic Cloud
 10966 | D:10     | Entered Level 10 of the Dungeon
 11350 | D:10     | Reached XP level 12. HP: 47/62 MP: 19/24
 11470 | D:10     | Found a blossoming altar of Fedhas.
 11967 | D:11     | Noticed a boulder beetle
 11979 | D:11     | Killed a boulder beetle
 12288 | D:11     | Noticed a boulder beetle
 12299 | D:11     | Killed a boulder beetle
 12356 | D:11     | Reached ***** piety under Hepliaklqana
 12706 | D:12     | Reached skill level 10 in Earth Magic
 12948 | D:12     | Found Rabeir's Assorted Antiques.
 12958 | D:12     | Bought a notched cabochon ring for 155 gold pieces
 12958 | D:12     | Bought a bronze ring for 155 gold pieces
 13068 | D:12     | Reached skill level 5 in Shields
 13649 | D:12     | Bought a scroll of enchant armour for 232 gold pieces
 13801 | Orc:1    | Entered Level 1 of the Orcish Mines
 13801 | Orc:1    | Noticed an orc high priest
 13877 | Lair:1   | Entered Level 1 of the Lair of Beasts
 13882 | Lair:1   | Reached skill level 5 in Evocations
 14007 | Lair:1   | Reached XP level 13. HP: 51/66 MP: 17/26
 14504 | Lair:1   | Noticed Jeremiah
 14514 | Lair:1   | Killed Jeremiah
 14652 | Lair:1   | Found a runed translucent door.
 14723 | Lair:1   | Reached skill level 10 in Spellcasting
 15090 | Lair:1   | Identified the +6 whip "Fauneh" {holy, Str+5}
 15136 | Lair:1   | Found a runed translucent gate.
 15136 | Lair:1   | Found a runed translucent gate.
 15136 | Lair:1   | Found a runed translucent gate.
 15136 | Lair:1   | Found a runed translucent gate.
 15136 | Lair:1   | Found a runed translucent gate.
 15136 | Lair:1   | Found a runed translucent gate.
 15675 | Lair:1   | Identified the ring of Nicrodi {rF+ rC+ Will+ Slay+2}
 15820 | Lair:2   | Learned a level 3 spell: Passwall
 17165 | Lair:3   | Found a hole to the Spider Nest.
 17804 | Lair:3   | Found a staircase to the Shoals.
 18114 | Lair:4   | Found a staircase to the Slime Pits.
 18155 | Lair:4   | Reached XP level 14. HP: 45/72 MP: 21/28
 18278 | Lair:4   | Learned a level 3 spell: Swiftness
 18454 | Lair:4   | Noticed Kirke
 18478 | Lair:4   | Killed Kirke
 18645 | Lair:4   | Identified the +3 mace of War {freeze, *Rage rC+ Int+4}
 18793 | Lair:4   | Reached ****** piety under Hepliaklqana
 19644 | Lair:5   | Entered Level 5 of the Lair of Beasts
 19980 | Lair:5   | HP: 4/108 [skyshark (4)]
 21137 | Lair:5   | Noticed a dire elephant
 21137 | Lair:5   | Noticed a dire elephant
 21138 | Lair:5   | Noticed a dire elephant
 21139 | Lair:5   | Noticed a dire elephant
 21803 | Lair:5   | Reached XP level 15. HP: 65/77 MP: 12/30
 24005 | Orc:1    | Reached skill level 10 in Invocations
 24272 | Orc:2    | Entered Level 2 of the Orcish Mines
 25404 | Orc:2    | Noticed Josephine
 25412 | Orc:2    | Killed Josephine
 25584 | Orc:2    | Found a staircase to the Elven Halls.
 25734 | Orc:2    | Noticed an orc warlord
 25740 | Orc:2    | Killed an orc warlord
 25977 | Orc:2    | Found Jeps's Antique Armour Boutique.
 25978 | Orc:2    | Found Bapt's Antique Weapon Boutique.
 25980 | Orc:2    | Found Locurheg's General Store.
 25980 | Orc:2    | Found Ipralag's Jewellery Shop.
 26389 | Orc:2    | Bought a potion of curing for 42 gold pieces
 26389 | Orc:2    | Bought 2 potions of haste for 280 gold pieces
 26389 | Orc:2    | Bought a potion of heal wounds for 70 gold pieces
 26389 | Orc:2    | Bought a scroll of teleportation for 42 gold pieces
 26390 | Orc:2    | Bought a +4 ring of protection for 576 gold pieces
 26594 | D:12     | Learned a level 9 spell: Dragon's Call
 26686 | D:13     | Found Ilulos's Armour Shoppe.
 27266 | D:13     | Reached XP level 16. HP: 81/81 MP: 20/32
 27624 | D:14     | Reached skill level 1 in Summonings
 28040 | D:14     | Found a gate to the Vaults.
 28229 | D:14     | Found a runed translucent door.
 28455 | D:14     | You fall into a shaft and drop 1 floor!
 28455 | D:15     | Entered Level 15 of the Dungeon
 29515 | D:15     | Reached skill level 10 in Dodging
 29900 | D:15     | Reached skill level 10 in Conjurations
 30037 | D:15     | Found a staircase to the Depths.
 31515 | Shoals:1 | Entered Level 1 of the Shoals
 31735 | Shoals:1 | Noticed Donald
 32099 | Shoals:1 | Reached XP level 17. HP: 71/88 MP: 26/33
 32188 | Shoals:1 | Noticed Frances
 32197 | Shoals:1 | Killed Frances
 32343 | Shoals:1 | Noticed Mlioglotl
 32353 | Shoals:1 | HP: 2/88 [wind drake/the air (23)]
 32353 | Shoals:1 | Noticed a tentacled starspawn
 32359 | Shoals:1 | Killed Mlioglotl
 32565 | Shoals:1 | Killed Donald
 34118 | Shoals:2 | Reached skill level 10 in Evocations
 34379 | Shoals:2 | Found Ygapp's Jewellery Emporium.
 34454 | Shoals:2 | Noticed Nikola
 34471 | Shoals:2 | Killed Nikola
 35364 | Shoals:3 | Reached skill level 10 in Shields
 36175 | Shoals:3 | Found a runed translucent gate.
 36175 | Shoals:3 | Found a runed translucent gate.
 36175 | Shoals:3 | Found a runed translucent gate.
 36179 | Shoals:3 | Noticed 7tar4e's ghost (journeyman VSFi)
 36179 | Shoals:3 | Noticed Tang's ghost (adept TeAE)
 36180 | Shoals:3 | Noticed Nilihum's ghost (journeyman DECj)
 36441 | Shoals:3 | Learned a level 5 spell: Summon Mana Viper
 36523 | Shoals:4 | Entered Level 4 of the Shoals
 36700 | Shoals:4 | Noticed Bai Suzhen
 36700 | Shoals:4 | HP: 4/85 [alligator snapping turtle (9)]
 36728 | Shoals:4 | Engulfed by a program bug's thunder

Illustrated notes

Levels and vault maps discovered:
D:1:      spicycebolla_arrival_ecumenical, layout_basic, serial_shops,
          nicolae_square_shop, nicolae_shop_hallway_stairs,
          nicolae_shop_tiny_glass
D:2:      layout_basic, serial_shops, nicolae_shop_tiny_glass, uniq_natasha
D:3:      layout_basic, worldfamousw_hep_ancestral_shrine, due_unseen_surprise
D:4:      layout_rooms, marbit_many_paths
D:5:      layout_basic, minmay_temple_entry_enclosed_plants,
          mainiacjoe_sewer_entry_somewhere_in_here_2, nrook_mini_backslash,
          dreamdust_princess_corridor
D:6:      layout_cave_pods
D:7:      layout_cave_pools, mainiacjoe_overflow_large_starburst, serial_shops,
          nicolae_shop_scrapyard, uniq_joseph
D:8:      minmay_the_grid_octo_triangle [minmay_the_grid_octo_shrine,
          minmay_the_grid_octo_prize_square_snowflake,
          minmay_the_grid_octo_fat_diamond], layout_layer_cave,
          nicolae_yredelemnul_ghost_church, elyvilon_altar_4, uniq_psyche
D:9:      lemuel_flame_loot_2, layout_long_grid, zombieorc1_lemuel,
          enter_bailey_5
D:10:     layout_basic, tgw_fedhas
D:11:     layout_rooms
D:12:     layout_basic, serial_shops, kennysheep_little_box,
          hangedman_abyss_or_decor_stagger, nicolae_where_there's_smoke
D:13:     layout_cave_pools, serial_shops, shop
D:14:     layout_loops_ring, erik_vaults_1, hangedman_decor_clover_reticule,
          grunt_decor_junction, palyth_stone_intersect, kennysheep_treasure_room
D:15:     grunt_enter_depths_magical_seal, layout_long_grid,
          gauntlet_entry_generic, st_stairs_12
Lair:1:   gammafunk_indiana_jones, layout_cave_pods, minivault_25,
          eino_small_chamber_without_monster, beast_lair_carwin_3, uniq_jeremiah
Lair:2:   layout_layer_cave, serial_bayou_ford_a
Lair:3:   layout_cave_shapes, minmay_shoals_entry_lonely_mermaid,
          spider_nest_entry_funnel_web, chequers_serial_rivers_small_3
Lair:4:   layout_roguey, slime_entry_1, minmay_lair_oklob_bushes,
          grunt_megastairs_2, serial_bayou_shore_a, infiniplex_staircase_pool,
          uniq_kirke
Lair:5:   due_jungle_book, layout_regular_city, hellmonk_talismancer,
          grunt_megastairs_5
Shoals:1: cheibrodos_shoals_roost, layout_shoals,
          nicolae_shoals_circle_sea_wall, uniq_frances, uniq_donald,
          uniq_mlioglotl
Shoals:2: layout_shoals, serial_shops, nicolae_shop_advertising_works
          [nicolae_subvault_shop_adworks], uniq_nikola
Shoals:3: layout_shoals, gammafunk_ghost_cemetery,
          nicolae_shoals_bring_sunscreen
Shoals:4: shoals_end_hellmonk_lost_city, uniq_polyphemus, uniq_bai_suzhen
Orc:1:    layout_caves, elves_outpost_lemuel
Orc:2:    st_orc_congregation, layout_caves, uniq_josephine

Skill      XL: |  1  2  3  4  5  6  7  8  9 10 11 12 13 14 15 16 17 |
---------------+----------------------------------------------------+-----
Stealth        | 3 |  3.1
Earth Magic    | 4 5 6 7 8 9 10 11 12 13 | 13.4
Spellcasting   | 3 4 5 6 7 8 9 10 11 12 13 | 13.2
Conjurations   | 2 3 4 5 6 7 8 9 10 | 10.7
Invocations    | 1 2 3 4 5 6 7 8 9 10 11 12 | 12.0
Shapeshifting  | 1 2 3 4 5 6 7 8 9 |  9.7
Dodging        | 3 4 5 6 7 8 9 10 | 10.9
Shields        | 2 4 5 6 7 8 9 10 | 10.1
Short Blades   | 1 2 |  2.0
Fighting       | 1 2 3 |  3.0
Evocations     | 3 5 6 7 8 9 10 | 10.3
Summonings     | 3 |  3.5
Maces & Flails | |  0.6
Staves         | |  0.3
Throwing       | |  0.3
Hexes          | |  0.6

Action                     |  1- 3 |  4- 6 |  7- 9 | 10-12 | 13-15 | 16-18 || total
---------------------------+-------+-------+-------+-------+-------+-------++-------
  Melee: Unarmed           |     5 |       |       |       |       |       ||     5
         Tentacles         |     1 |       |     1 |    11 |    46 |    33 ||    92
         Constrict         |     1 |       |     1 |     5 |    13 |    17 ||    37
         Short sword       |       |       |     8 |    33 |    40 |    10 ||    91
         Punch             |       |       |       |     2 |     2 |       ||     4
         Mace              |       |       |       |       |    20 |       ||    20
         Staff             |       |       |       |       |    49 |    63 ||   112
         Maw               |       |       |       |       |       |    16 ||    16
  Throw: Dart              |       |       |       |       |     7 |    10 ||    17
   Cast: Sandblast         |    44 |    90 |   118 |   263 |   296 |    85 ||   896
         Stone Arrow       |       |     2 |     9 |    14 |   275 |   240 ||   540
         Blink             |       |       |       |     1 |     2 |     2 ||     5
         Mephitic Cloud    |       |       |       |       |     1 |    15 ||    16
         Brom's Barrelling |       |       |       |       |     1 |     2 ||     3
 Invoke: Ancestor Life: Ba |       |       |     1 |       |       |       ||     1
         Recall Ancestor   |       |       |       |     2 |     1 |     6 ||     9
         Idealise          |       |       |       |       |     5 |     6 ||    11
Ability: Begin Untransform |       |       |       |     1 |     2 |       ||     3
  Evoke: Wand              |       |       |     4 |     4 |    15 |    38 ||    61
         Lightning rod     |       |       |       |     2 |    13 |     7 ||    22
         Sack of spiders   |       |       |       |       |     2 |     4 ||     6
         Phial of floods   |       |       |       |       |     2 |     3 ||     5
         Phantom mirror    |       |       |       |       |     2 |     2 ||     4
    Use: Potion            |       |       |    11 |       |    13 |    10 ||    34
         Scroll            |       |       |    10 |    11 |     6 |     5 ||    32
   Stab: Sleeping          |     1 |       |       |     4 |       |     1 ||     6
         Distracted        |       |       |       |     2 |     2 |     1 ||     5
         Confused          |       |       |       |       |       |     1 ||     1
 Armour: Skin              |     7 |    12 |    38 |    68 |   206 |   145 ||   476
  Dodge: Dodged            |     8 |    10 |    34 |   133 |   260 |   159 ||   604
  Block: Buckler           |       |       |    11 |    88 |   224 |   106 ||   429
         Reflection        |       |       |     5 |     7 |    19 |    22 ||    53
         Kite shield       |       |       |       |       |       |    51 ||    51
   Form: Flux              |       |       |       |     1 |     1 |     1 ||     3
         Beast             |       |       |       |     1 |     1 |       ||     2
         Serpent           |       |       |       |       |     1 |     1 ||     2
         Maw               |       |       |       |       |       |     2 ||     2
